 Dungeon Crawl Stone Soup version 0.23.2-40-g277498a001 (webtiles) character file.

Game seed: 6989559980540476355

5752 DildoBatman the Merchant of Misery (level 11, -7/68 HPs)
             Began as a Formicid Wizard on Oct 2, 2019.
             Was a Believer of Kikubaaqudgha.
             Mangled by a sixfirhy (11 damage)
             ... summoned by an orc sorcerer
             ... on level 1 of the Orcish Mines.
             The game lasted 00:33:50 (8987 turns).

DildoBatman the Merchant of Misery (FoWz)           Turns: 8987, Time: 00:33:51

Health: -7/68      AC:  6    Str: 12    XL:     11   Next: 5%
Magic:  29/31      EV: 12    Int: 21    God:    Kikubaaqudgha [**....]
Gold:   553        SH:  0    Dex:  9    Spells: 13/25 levels left

rFire    + . .     SeeInvis +   W - staff of poison
rCold    . . .     Gourm    .   (no shield)
rNeg     + . .     Faith    .   c - +2 robe {rN+}
rPois    +         Spirit   .   (helmet unavailable)
rElec    .         Reflect  .   K - +0 cloak
rCorr    .         Harm     .   D - +0 pair of gloves
MR       +....                  (no boots)
Stlth    ++........             (no amulet)
HPRegen  0.21/turn              H - ring of protection from fire
MPRegen  0.22/turn              M - ring of magical power

@: no status effects
A: permanent stasis, dig shafts and tunnels, four strong arms, antennae 3
a: Dig, Shaft Self, Receive Corpses, Renounce Religion


You were on level 1 of the Orcish Mines.
You worshipped Kikubaaqudgha.
Kikubaaqudgha was pleased with you.
You were near starving.

You visited 3 branches of the dungeon, and saw 11 of its levels.
You also visited: Ossuary.

You collected 553 gold pieces.

Inventory:

Hand Weapons
 a - a +0 hunting sling
 b - a +1 trident of protection
 d - a +1 scimitar of flaming
 f - a +1 antimagic short sword
 y - a +0 blowgun
 E - a +4 short sword of holy wrath
Missiles
 h - 56 poisoned needles
 i - 85 stones (quivered)
 l - 73 arrows
 o - 61 bolts
 t - 37 sling bullets
 N - a throwing net
 O - a tomahawk
Armour
 c - a +2 robe of positive energy (worn)
 D - a +0 pair of gloves (worn)
 K - a +0 cloak (worn)
Magical Staves
 P - an uncursed staff of fire
 W - an uncursed staff of poison (weapon)
Jewellery
 H - a ring of protection from fire (left hand)
 M - a ring of magical power (right hand)
Wands
 g - a wand of paralysis (9)
 A - a wand of random effects (12)
 I - a wand of polymorph (6)
Scrolls
 j - 3 scrolls of amnesia
 p - a scroll of fog {unknown}
 u - 3 scrolls of enchant armour
 w - a scroll of fear {unknown}
 x - 4 scrolls of remove curse
 C - 2 scrolls of magic mapping
 F - a scroll of immolation {unknown}
 J - a scroll of enchant weapon {unknown}
 Q - a scroll of summoning {unknown}
Potions
 e - 2 potions of cancellation
 k - 2 potions of agility
 m - 9 potions of curing
 n - a potion of lignification {unknown}
 q - 2 potions of might
 r - 2 potions of magic
 s - 4 potions of heal wounds
 B - a potion of invisibility {unknown}
 G - 2 potions of mutation {unknown}
Comestibles
 v - 12 rations


   Skills:
 - Level 1.7 Dodging
 - Level 2.4 Stealth
 - Level 7.5 Spellcasting
 - Level 6.0 Conjurations
   Level 1.0 Summonings
 * Level 8.8 Necromancy
   Level 0.8 Translocations
 - Level 5.0 Fire Magic
 - Level 6.2 Air Magic


You had 13 spell levels left.
You knew the following spells:

 Your Spells              Type           Power        Failure   Level  Hunger
a - Conjure Flame         Conj/Fire      ####....     2%          3    None
c - Magic Dart            Conj           ####         1%          1    None
d - Vampiric Draining     Necr           #####.....   1%          3    None
e - Mephitic Cloud        Conj/Pois/Air  #####...     4%          3    None
z - Sublimation of Blood  Necr           #####.....   1%          2    None

Your spell library contained the following spells:

 Spells                   Type           Power        Failure   Level  Hunger
 Pain                     Necr           ####         1%          1    None
 Corpse Rot               Necr           N/A          1%          2    None
 Corona                   Hex            #......      9%          1    None
 Call Imp                 Summ           ##......     9%          2    None
 Inner Flame              Hex/Fire       ###.....     9%          3    None
 Slow                     Hex            #.......     13%         2    None
 Portal Projectile        Hex/Tloc       #.....       22%         3    None
 Cause Fear               Hex            #.........   63%         4    ###....
 Leda's Liquefaction      Hex/Erth       #.........   63%         4    ###....
 Blink                    Tloc           Unusable     N/A         2    N/A

Dungeon Overview and Level Annotations

Branches:
Dungeon (9/15)             Temple (1/1) D:6             Orc (1/2) D:9
   Lair: D:8-11

Altars:
Ashenzari
Cheibriados
Dithmenos
Elyvilon
Fedhas
Gozag
Hepliaklqana
Kikubaaqudgha
Makhleb
Nemelex Xobeh
Okawaru
Qazlal
Ru
Sif Muna
Trog
Uskayaw
Vehumet
Wu Jian
Xom
Yredelemnul
Zin
The Shining One

Annotations:
D:3 1 runed translucent door, Crazy Yiuf


Innate Abilities, Weirdness & Mutations

You cannot be hasted, slowed, berserked, paralysed or teleported.
You can dig through walls and to a lower floor.
Your four strong arms can wield two-handed weapons with a shield.
You have a pair of large antennae on your head. (SInv)


Message History

Casting: Conjure Flame (safe; 2% risk of failure)
Confirm with . or Enter, or press ? or * to list all spells.
Aiming: Conjure Flame (safe; 2% risk of failure)
Press: ? - help, Dir - move target cursor
Okay, then.
Casting: Conjure Flame (safe; 2% risk of failure)
Confirm with . or Enter, or press ? or * to list all spells.
Aiming: Conjure Flame (safe; 2% risk of failure)
Press: ? - help, Dir - move target cursor, f - sixfirhy
Aim: a sixfirhy (summoned)
Okay, then.
Unknown command.
The sixfirhy is engulfed in blazing flames.
The sixfirhy hits you! The sixfirhy shocks you!
The sixfirhy is engulfed in blazing flames.
The sixfirhy hits you! The sixfirhy shocks you!
You die...
Kikubaaqudgha rasps: "You have failed me!
Welcome... death!"

**#....$..,,** ##.#.
###......#,,,* #...#
#....#...**,** ##.#.
......#.#**** #.... ........##
##.#. .........#### ####
.........##.## ###
.............##################..
............#..3@................
............###################..
......#....## ### ...#####.### #
.$.,,**### #.,,,,,****
,,,,,,,,*,** ,,,,,,,,,,,*
,,,,,,,,,,**


You could see a sixfirhy.

Vanquished Creatures
  Erica (D:8)
  Maurice (D:8)
  Psyche (D:8)
  Joseph (D:8)
  4 slime creatures (D:9)
  2 hippogriffs (D:9)
  A wraith (Ossuary)
  6 yaks (D:9)
  Grum (D:8)
  An orc warrior (D:9)
  A black bear (D:6)
  A necrophage (D:7)
  2 ogres
  4 wolves (D:8)
  2 bullfrogs
  A big kobold (D:6)
  2 scorpions
  2 killer bees (D:8)
  2 crimson imps (D:9)
  A quasit (D:7)
  A bullfrog zombie (D:9)
  2 centaur skeletons
  4 hounds
  2 jellies
  2 orc priests
  2 orc wizards
  2 worker ants
  A hound skeleton (D:8)
  A mummy (Ossuary)
  3 gnolls (D:9)
  A worker ant zombie (D:7)
  2 howler monkey skeletons
  5 adders
  An ooze (D:3)
  An adder zombie (D:9)
  A worm (D:3)
  2 dart slugs (D:2)
  7 leopard geckos
  17 orcs
  5 giant cockroaches
  2 goblins
  13 hobgoblins
  5 quokkas
  A ball python (D:1)
  6 bats
  4 frilled lizards
  A gnoll skeleton (Ossuary)
  A jackal zombie (D:6)
  17 kobolds
  7 kobold skeletons (Ossuary)
  A leopard gecko skeleton (D:6)
  17 orc skeletons (Ossuary)
  9 rats
183 creatures vanquished.

Vanquished Creatures (collateral kills)
  A killer bee (D:8)
1 creature vanquished.

Vanquished Creatures (others)
  A quokka (D:8)
1 creature vanquished.

Grand Total: 185 creatures vanquished

Notes
Turn   | Place    | Note
-------+----------+-------------------------------------------
     0 | D:1      | DildoBatman the Formicid Wizard began the quest for the
                  | Orb.
     0 | D:1      | Reached XP level 1. HP: 13/13 MP: 4/4
    38 | D:1      | Reached skill level 1 in Conjurations
   439 | D:1      | Reached XP level 2. HP: 19/19 MP: 0/6
   949 | D:1      | Reached XP level 3. HP: 23/24 MP: 0/7
   954 | D:1      | Learned a level 3 spell: Conjure Flame
   958 | D:1      | Learned a level 3 spell: Mephitic Cloud
  2118 | D:2      | Reached XP level 4. HP: 30/30 MP: 4/8
  3343 | D:3      | Reached XP level 5. HP: 35/35 MP: 6/9
  3613 | D:3      | Reached skill level 5 in Conjurations
  3613 | D:3      | Reached XP level 6. HP: 40/41 MP: 5/10
  3682 | D:3      | Found a runed translucent door.
  3683 | D:3      | Noticed Crazy Yiuf
  4085 | D:4      | Found a sand-covered staircase.
  4112 | Ossuary  | Entered an ossuary
  4112 | Ossuary  | Noticed a wraith
  4112 | Ossuary  | Noticed a wraith
  4112 | Ossuary  | Noticed a wraith
  4159 | Ossuary  | Reached skill level 1 in Fire Magic
  4213 | Ossuary  | Noticed a wraith
  4502 | Ossuary  | Killed a wraith
  4502 | Ossuary  | Reached XP level 7. HP: 46/46 MP: 0/11
  4558 | D:5      | Entered Level 5 of the Dungeon
  4601 | D:6      | Found a staircase to the Ecumenical Temple.
  4617 | Temple   | Entered the Ecumenical Temple
  4640 | Temple   | Became a worshipper of Kikubaaqudgha
  4752 | D:6      | Found a shattered altar of Ashenzari.
  4943 | D:6      | Reached skill level 1 in Air Magic
  5717 | D:7      | Reached XP level 8. HP: 52/52 MP: 4/12
  6301 | D:7      | Reached * piety under Kikubaaqudgha
  6301 | D:7      | Identified Kikubaaqudgha's Almanac of Necromancy
                  | (Kikubaaqudgha gifted it to you on level 7 of the Dungeon)
  6301 | D:7      | Received a gift from Kikubaaqudgha
  6301 | D:7      | Reached skill level 5 in Fire Magic
  6312 | D:7      | Learned a level 2 spell: Sublimation of Blood
  6316 | D:7      | Learned a level 3 spell: Vampiric Draining
  6323 | D:7      | You fall through a shaft for 2 floors!
  6374 | D:8      | Noticed Erica
  6406 | D:8      | Killed Erica
  6406 | D:8      | Reached XP level 9. HP: 46/57 MP: 3/13
  6658 | D:8      | Noticed Grum
  6669 | D:8      | Killed Grum
  6696 | D:8      | Reached skill level 5 in Spellcasting
  6710 | D:8      | Noticed Joseph
  6852 | D:8      | Noticed Psyche
  6861 | D:8      | Noticed Maurice
  6867 | D:8      | Killed Psyche
  6885 | D:8      | Killed Maurice
  6885 | D:8      | Reached XP level 10. HP: 38/63 MP: 0/21
  6996 | D:8      | Killed Joseph
  6996 | D:8      | Reached skill level 3 in Necromancy
  7437 | D:9      | Reached skill level 4 in Necromancy
  7535 | D:9      | Found a glowing golden altar of the Shining One.
  7659 | D:9      | Reached skill level 5 in Necromancy
  7757 | D:9      | Reached ** piety under Kikubaaqudgha
  8019 | D:9      | Found a staircase to the Orcish Mines.
  8137 | D:9      | Reached skill level 6 in Necromancy
  8160 | D:9      | Reached skill level 7 in Necromancy
  8395 | D:9      | Reached skill level 8 in Necromancy
  8483 | D:9      | Reached XP level 11. HP: 52/68 MP: 18/22
  8827 | Orc:1    | Entered Level 1 of the Orcish Mines
  8972 | Orc:1    | Noticed an orc sorcerer
  8974 | Orc:1    | Noticed a sixfirhy
  8987 | Orc:1    | Mangled by a sixfirhy

Skill      XL: |  1  2  3  4  5  6  7  8  9 10 |
---------------+-------------------------------+-----
Conjurations   | 1 2 3 4 5 6 |  6.0
Fire Magic     | 3 4 5 |  5.0
Air Magic      | 1 6 |  6.2
Spellcasting   | 7 |  7.5
Necromancy     | 8 |  8.8
Dodging        | |  1.7
Stealth        | |  2.4
Summonings     | |  1.0
Translocations | |  0.8

Action                   |  1- 3 |  4- 6 |  7- 9 | 10-12 || total
-------------------------+-------+-------+-------+-------++-------
Melee: Short sword       |    37 |    26 |     6 |       ||    69
       Hunting sling     |       |       |     2 |       ||     2
       Scimitar          |       |       |       |    14 ||    14
 Fire: Hunting sling     |     1 |   125 |   238 |   150 ||   514
 Cast: Magic Dart        |   112 |    55 |    31 |    34 ||   232
       Mephitic Cloud    |       |     3 |    21 |    22 ||    46
       Conjure Flame     |       |     2 |    22 |    34 ||    58
 Abil: Dig               |     4 |     3 |     7 |     2 ||    16
Evoke: Wand              |       |     9 |       |       ||     9
  Use: Scroll            |       |     5 |     3 |    10 ||    18
 Stab: Confused          |       |       |     1 |     1 ||     2
  Eat: Chunk             |     4 |     7 |    11 |     7 ||    29
Armor: Robe              |    15 |     3 |     8 |    15 ||    41
Dodge: Dodged            |    64 |    31 |    37 |    37 ||   169
       Rpst.: Scimitar   |       |       |       |     3 ||     3
